AoeStats
← [NICE_ASS] BigMasi

African Clearing

504553778Analyzed
4v4 RM · 27d ago on Sep 5, 2026· 61m 17s· 8 players
Game mode
Random Map
Map size
Large (8 player)
Population
200
Speed
Normal
Resources
Standard
Victory
Conquest
Starting age
Dark Age
Ending age
Imperial Age
RankedLock teamsTeams togetherTeam positionsShared explorationLock speedFull tech treeHidden civsTurbo modeCheats
Victory
Defeat
🇨🇳 Wei · China
1198
+17
🇨🇭 Tupi · Switzerland
1180
+17
🇨🇳 Persians · China
1163
+18
🇯🇵 Britons · Japan
1157
+18
🇧🇷 Romans · Brazil
1343
-23
🇧🇷 Italians · Brazil
1249
-19
🇧🇷 Persians · Brazil
1123
-14
🇧🇷 Koreans · Brazil
1115
-14
[NICE_ASS] BigMasi
7:16 Loom
13:45 Feudal Age
15:13 Double-Bit Axe
18:14 Castle Age
17:39 Horse Collar
18:13 Gold Mining
18:14 Stone Mining
18:26 Gold Mining
19:01 Fletching
19:35 Bow Saw
22:47 Bodkin Arrow
22:53 Padded Archer Armor
25:46 Wheelbarrow
27:52 Ballistics
32:49 Heavy Plow
37:34 Imperial Age
36:31 Leather Archer Armor
39:17 Chemistry
39:16 Bracer
40:12 Capped Ram
41:20 Conscription
41:39 Siege Ram
44:19 Hand Cart
43:50 Town Watch
45:02 Curare
45:49 Curare
47:03 Ring Archer Armor
46:34 Scale Mail Armor
46:44 Forging
47:00 Squires
46:46 Arson
46:21 Pikeman
46:22 Champi Runner
48:43 Chain Mail Armor
48:49 Halberdier
50:54 Champi Warrior
52:15 Plate Mail Armor
52:20 Iron Casting
53:50 Murder Holes
53:36 Treadmill Crane
53:44 Elite Champi Warrior
58:37 Elite Blackwood Archer
sada-aki
3:40 Loom
13:34 Feudal Age
14:30 Double-Bit Axe
18:36 Gold Mining
22:41 Fletching
41:54 Fishing Lines
53:52 Castle Age
55:02 Bow Saw
55:10 Caravan
58:21 Pikeman
60:46 Gambesons
61:01 Squires
60:47 Arson
帝国新手
4:17 Loom
15:17 Feudal Age
15:48 Double-Bit Axe
16:01 Horse Collar
16:26 Gold Mining
18:24 Stone Mining
21:00 Castle Age
20:09 Bloodlines
20:11 Forging
20:31 Scale Barding Armor
22:02 Bow Saw
27:12 Chain Barding Armor
27:15 Husbandry
29:26 Wheelbarrow
29:33 Town Watch
30:27 Gold Shaft Mining
31:27 Iron Casting
33:04 Stone Shaft Mining
38:17 Imperial Age
36:26 Tuntian
37:05 Hand Cart
37:03 Pikeman
37:43 Squires
38:43 Heavy Hei Guang Cavalry
39:37 Town Patrol
40:05 Heavy Plow
41:30 Conscription
42:16 Ming Guang Armor
43:48 Blast Furnace
47:58 Crop Rotation
49:02 Halberdier
49:43 Scale Mail Armor
50:43 Chain Mail Armor
孤鸿
9:40 Loom
16:12 Feudal Age
20:45 Castle Age
18:57 Double-Bit Axe
18:57 Horse Collar
19:41 Gold Mining
20:00 Scale Barding Armor
20:06 Forging
21:21 Bloodlines
23:10 Bow Saw
26:36 Husbandry
27:45 Chain Barding Armor
31:55 Iron Casting
33:54 Wheelbarrow
35:25 Stone Mining
36:29 Hand Cart
36:16 Town Watch
41:57 Imperial Age
42:17 Cavalier
43:33 Plate Barding Armor
43:59 Blast Furnace
43:21 Conscription
43:47 Savar
45:24 Hoardings
45:04 Masonry
45:37 Gold Shaft Mining
45:40 Heavy Plow
46:45 Two-Man Saw
46:24 Stone Shaft Mining
47:53 Fletching
48:25 Guilds
48:48 Architecture
48:14 Murder Holes
50:16 Bodkin Arrow
50:47 Ballistics
51:40 Chemistry
SirT_Naval
5:28 Loom
12:53 Feudal Age
13:45 Double-Bit Axe
18:58 Castle Age
17:30 Horse Collar
20:23 Bloodlines
22:15 Scale Barding Armor
23:52 Forging
26:53 Chain Barding Armor
26:58 Husbandry
30:13 Wheelbarrow
30:59 Hand Cart
32:54 Iron Casting
32:24 Stone Mining
35:42 Bow Saw
41:23 Imperial Age
40:15 Heavy Plow
40:59 Gold Mining
41:49 Stone Shaft Mining
41:04 Cavalier
42:24 Plate Barding Armor
42:49 Blast Furnace
43:19 Savar
52:01 Gold Shaft Mining
55:13 Light Cavalry
56:33 Hussar
59:41 Two-Man Saw
XIII-Hanomontano
13:06 Feudal Age
14:24 Loom
17:42 Castle Age
16:00 Double-Bit Axe
17:04 Scale Barding Armor
22:54 Horse Collar
26:29 Forging
31:44 Chain Barding Armor
32:35 Town Watch
33:26 Wheelbarrow
35:40 Iron Casting
35:49 Bloodlines
39:34 Husbandry
40:38 Hand Cart
40:48 Bow Saw
43:58 Imperial Age
41:12 Pikeman
42:21 Scale Mail Armor
44:19 Chain Mail Armor
44:45 Squires
45:47 Blast Furnace
45:39 Plate Mail Armor
45:40 Conscription
46:03 Elite Genoese Crossbowman
46:50 Fletching
47:51 Bodkin Arrow
49:06 Chemistry
47:48 Cavalier
48:52 Bracer
48:52 Padded Archer Armor
52:31 Two-Man Saw
56:31 Stone Mining
TheKingBR
9:31 Loom
10:25 Loom
12:44 Feudal Age
13:02 Man-at-Arms
15:08 Double-Bit Axe
18:45 Fletching
19:21 Horse Collar
23:35 Castle Age
21:55 Scale Mail Armor
22:44 Forging
23:45 Gold Mining
24:29 Squires
23:52 Long Swordsman
29:36 Stone Mining
30:24 Bow Saw
32:07 Wheelbarrow
31:38 Heavy Plow
33:48 Padded Archer Armor
35:07 Town Watch
37:10 Iron Casting
38:03 Bodkin Arrow
42:31 Imperial Age
40:08 Elite Skirmisher
41:35 Ballistics
43:01 Hand Cart
43:46 Gold Shaft Mining
43:19 Padded Archer Armor
44:26 Chemistry
44:41 Leather Archer Armor
44:07 Legionary
46:47 Ring Archer Armor
47:28 Crop Rotation
49:45 Chain Mail Armor
53:09 Capped Ram
54:21 Heavy Scorpion
56:06 Pikeman
57:34 Conscription
59:18 Blast Furnace
58:05 Halberdier
60:27 Masonry
SirT_LaGzero
4:08 Loom
14:39 Feudal Age
17:42 Town Watch
20:35 Castle Age
18:49 Fletching
20:22 Gold Mining
21:53 Scale Barding Armor
28:25 Pikeman
33:26 Wheelbarrow
51:16 Horse Collar
53:44 Heavy Plow
55:34 Hand Cart
Connection lost

Rejoining the realm…

Still unreachable

The connection could not be restored.

Session expired

The server has moved on; the page needs a fresh start.